Cogmind - Beta 13 @@@ ROGUE MODE // 2024.04.09 @ 10:40:44 Player: NeoBoaz Result: Self-destructed Performance ------------- Evolutions (1) 500 Regions Visited (3) 600 Robots Destroyed (23) 115 Value Destroyed (677) 677 Prototype IDs (2) 40 Alien Tech Used (0) 0 Bonus (0) 0 TOTAL SCORE: 1932 Bonus ------- None Cogmind --------- Core Integrity 348/400 Matter 268/300 Energy 15/250 System Corruption 0% Temperature Warm (135) Movement Hovering (52) Location -9/Materials Parts ------- > --- POWER (1) -------- Ion Engine > --- PROPULSION (3) --- Hover Unit Hover Unit Hover Unit > --- UTILITY (3) ------ Sensor Array Core Shielding > --- WEAPON (2) ------- Beam Rifle Particle Cannon > --- INVENTORY (5) ---- Hover Unit Small Laser Particle Cannon Heavy Assault Rifle Peak State ------------ > --- POWER ------------ Heavy Ion Engine > --- PROPULSION ------- Hover Unit Hover Unit Hover Unit > --- UTILITY ---------- Sensor Array Terrain Scanner Core Shielding > --- WEAPON ----------- Beam Rifle Advanced Beam Cannon > --- INVENTORY -------- Ion Engine Hover Unit Small Laser Particle Cannon Heavy Assault Rifle [Rating: 14] Favorites ----------- Power Ion Engine Engine Ion Engine Propulsion Aluminum Leg Leg Aluminum Leg Hover Unit Hover Unit Utility Terrain Scanner Device Terrain Scanner Storage Small Storage Unit Protection Core Shielding Weapon Small Laser Energy Gun Small Laser Energy Cannon Particle Cannon Build | -11 -10 -10 -9 ------- Run | Yrd Mat Min Mat Slots Evolved 2 | . . . 2 Power . | . . . . Propulsion 1 | . . . 1 Utility 1 | . . . 1 Weapon . | . . . . Parts Attached 32 | 7 13 2 10 Power 6 | 2 1 . 3 Engine 6 | 2 1 . 3 Core . | . . . . Reactor . | . . . . Propulsion 11 | 2 6 . 3 Treads . | . . . . Leg 6 | 2 4 . . Wheel . | . . . . Hover 5 | . 2 . 3 Flight . | . . . . Utility 6 | 1 3 1 1 Device 4 | . 3 . 1 Storage 1 | 1 . . . Processor . | . . . . Hackware . | . . . . Protection 1 | . . 1 . Artifact . | . . . . Weapon 9 | 2 3 1 3 Energy Gun 7 | 2 3 1 1 Energy Cannon 2 | . . . 2 Ballistic Gun . | . . . . Ballistic Cannon . | . . . . Launcher . | . . . . Special Weapon . | . . . . Impact Weapon . | . . . . Slashing Weapon . | . . . . Piercing Weapon . | . . . . Special Melee Weapon . | . . . . Unidentified Prototypes 2 | . . . 2 Parts Lost 7 | . 3 3 1 Power 1 | . . 1 . Propulsion 1 | . 1 . . Utility 3 | . 1 1 1 Weapon 2 | . 1 1 . Highest Loss Streak 3 | . 3 2 1 To Critical Strikes . | . . . . Average Slot Usage (%) 95 | . 94 95 99 Engine 13 | . 14 13 11 Leg 15 | . 25 . . Hover 12 | . 2 28 33 Device 20 | . 17 26 21 Storage 2 | . 4 . . Protection 1 | . . . 11 Energy Gun 26 | . 27 26 18 Naked Turns . | . . . . Heaviest Build 15 | 12 13 10 15 Greatest Support 20 | 20 20 12 18 Greatest Overweight (x) 2 | 2 1 . . Average Overweight (x) . | . . . . Largest Inventory Capacity 8 | 8 8 5 5 Average Capacity 6 | 7 6 5 5 Most Carried 5 | 1 5 5 5 Average Carried 3 | . 3 4 2 Final Capacity 8 | 8 5 5 5 Final Carried 5 | 1 5 4 4 Class Distribution -------------------- 72% | Mutant 27% | Scavenger-Mutant Dominant Class ---------------- Mutant | -10/Materials Mutant | -10/Mines Mutant | -9/Materials Resources | -11 -10 -10 -9 ----------- Run | Yrd Mat Min Mat Matter Collected 468 | 178 205 27 58 Remotely . | . . . . Salvage Created 811 | . 399 330 82 Parts 41 | . 20 12 9 Haulers Intercepted . | . . . . Recyclers Shooed 1 | . . . 1 Parts Field Recycled . | . . . . Retrieved Matter . | . . . . Parts Self-Destructed . | . . . . Prevented . | . . . . Kills | -11 -10 -10 -9 ------- Run | Yrd Mat Min Mat Combat Hostiles Destroyed 18 | . 8 8 2 Guns 18 | . 8 8 2 Classes Destroyed 6 | . 3 1 2 Worker 1 | . . 1 . Operator 2 | . 2 . . Watcher 2 | . 1 . 1 Swarmer 1 | . . . 1 Grunt 16 | . 8 8 . Sentry 1 | . . . 1 Best Kill Streak 5 | . 2 5 2 Combat Bots Only 5 | . 2 5 1 Max Kills in Single Turn 1 | . 1 1 1 Gunslinging . | . . . . Exploded . | . . . . Melee . | . . . . Uniques/NPCs Destroyed . | . . . . Combat | -11 -10 -10 -9 -------- Run | Yrd Mat Min Mat Hostile Shots Fired 135 | . 55 43 37 Missed 36 | . 14 11 11 Damage Taken 1124 | . 490 379 255 Core 244 | . 59 133 52 Absorbed by Shields . | . . . . Redirected to Shielding 13 | . . 2 11 Core Remaining (%) 61 | 100 . 23 . Volleys Fired 108 | . 46 42 20 Largest 2 | . 2 2 2 Hottest 124 | . 90 90 124 Shots Fired 169 | . 85 52 32 Gun 164 | . 85 52 27 Cannon 5 | . . . 5 Launcher . | . . . . Special . | . . . . Kinetic . | . . . . Thermal 169 | . 85 52 32 Explosive . | . . . . Electromagnetic . | . . . . Robot Hit Streak 23 | . 14 23 6 Robot Miss Streak 3 | . 3 2 2 Penetration Max . | . . . . Secondary Targets 1 | . 1 . . Max Gunslinging Chain 1 | . 1 . . Shots Hit Robots 120 | . 63 38 19 Core Hits 47 | . 23 18 6 Critical Kills . | . . . . Critical Parts Destroyed . | . . . . Critical Strikes 2 | . . 1 1 Burn 2 | . . 1 1 Melee Attacks . | . . . . Impact . | . . . . Slashing . | . . . . Piercing . | . . . . Sneak Attacks . | . . . . Combat Hostiles . | . . . . Follow-up Attacks . | . . . . Damage Inflicted 1505 | . 739 482 284 Guns 1390 | . 713 457 220 Cannons 60 | . . . 60 Explosions . | . . . . Melee . | . . . . Ramming 55 | . 26 25 4 Kinetic . | . . . . Thermal 1450 | . 713 457 280 Explosive . | . . . . Electromagnetic . | . . . . Impact . | . . . . Slashing . | . . . . Piercing . | . . . . Highest Corruption . | . . . . Average Corruption . | . . . . Corruption Purged . | . . . . Corruption Blocked . | . . . . Overload Shots . | . . . . Overflow Damage . | . . . . Projectiles . | . . . . Explosions . | . . . . Melee . | . . . . Knockbacks . | . . . . Impact . | . . . . Kinetic . | . . . . Secondary . | . . . . Self-Inflicted Damage 25 | . 12 11 2 Shots . | . . . . Rammed 8 | . 1 6 1 Targets Rammed 9 | . 2 6 1 Kicked 1 | . 1 . . Crushed . | . . . . Highest Temperature 318 | . 276 318 135 Average Temperature 92 | . 76 128 54 Received Heat Transfer 477 | . 264 186 27 Siege Activations . | . . . . Robots Corrupted . | . . . . Combat Hostiles . | . . . . Parts Fried . | . . . . Impact Corruptions . | . . . . Robots Melted . | . . . . Combat Hostiles . | . . . . Parts Melted 1 | . . 1 . Heat Transferred 3667 | . 1695 1241 731 Parts Sabotaged . | . . . . Parts Stolen . | . . . . Parts Stripped . | . . . . Power Chain Reactions . | . . . . Alert | -11 -10 -10 -9 ------- Run | Yrd Mat Min Mat Peak Influence 166 | . 163 166 163 Initial 60 | . . 6 60 Average 46 | . 50 47 96 Maximum Alert Level . | . . . . Low Security (%) 100 | 100 100 100 100 Level 1 . | . . . . Level 2 . | . . . . Level 3 . | . . . . Level 4 . | . . . . Level 5 . | . . . . High Security . | . . . . Max Security . | . . . . Squads Dispatched 5 | . 4 . 1 Investigation 2 | . 2 . . Extermination . | . . . . Reinforcement 3 | . 2 . 1 Assault . | . . . . Garrison . | . . . . Intercept . | . . . . Searches Triggered . | . . . . Construction Impeded . | . . . . Haulers Reinforced . | . . . . Active Scanning Responses . | . . . . Cargo Convoy Interrupts . | . . . . Stealth | -11 -10 -10 -9 --------- Run | Yrd Mat Min Mat Distress Signals 1 | . . . 1 Communications Jammed . | . . . . Distress Signals . | . . . . Times Spotted 37 | . 15 11 11 Peak Tracking Total 6 | . 3 3 6 Tactical Retreats 3 | . 3 . . Traps | -11 -10 -10 -9 ------- Run | Yrd Mat Min Mat Traps Triggered 2 | . 2 . . Indirectly . | . . . . Trap Hack Attempts . | . . . . Triggered . | . . . . Disarmed . | . . . . Reprogrammed . | . . . . Reused . | . . . . Traps Extracted . | . . . . Installed . | . . . . Triggered . | . . . . Machines | -11 -10 -10 -9 ---------- Run | Yrd Mat Min Mat Machines Disabled . | . . . . Max in Single Turn . | . . . . Machines Repaired . | . . . . Machines Dismantled . | . . . . Machines Sabotaged . | . . . . Overloaded Fab Kills . | . . . . Hacking | -11 -10 -10 -9 --------- Run | Yrd Mat Min Mat Machines Accessed 9 | . 8 . 1 Terminals 8 | . 7 . 1 Fabricators . | . . . . Repair Stations . | . . . . Recycling Units 1 | . 1 . . Scanalyzers . | . . . . Garrison Access . | . . . . Total Hacks 20 | . 18 . 2 Successful 6 | . 6 . . Failed 14 | . 12 . 2 Catastrophic 3 | . 3 . . Database Lockouts . | . . . . Manual 9 | . 9 . . Terminals 19 | . 17 . 2 Fabricators . | . . . . Repair Stations . | . . . . Recycling Units 1 | . 1 . . Scanalyzers . | . . . . Garrison Access . | . . . . Terminal Hacks 5 | . 5 . . Alert Level 1 | . 1 . . Zone Layout 4 | . 4 . . Fabricator Hacks . | . . . . Repair Station Hacks . | . . . . Recycling Unit Hacks 1 | . 1 . . Report Inventory 1 | . 1 . . Scanalyzer . | . . . . Garrison Access Hacks . | . . . . Unauthorized Hacks . | . . . . Terminals . | . . . . Fabricators . | . . . . Repair Stations . | . . . . Recycling Units . | . . . . Scanalyzers . | . . . . Garrison Access . | . . . . Data Cores Recovered . | . . . . Used . | . . . . Hacking Detections 8 | . 7 . 1 Full Trace Events 2 | . 2 . . Feedback Events . | . . . . Feedback Blocked . | . . . . Robot Schematics Acquired . | . . . . Robots Built . | . . . . Authchips . | . . . . Time . | . . . . Total Robot Build Rating . | . . . . Part Schematics Acquired . | . . . . Parts Built . | . . . . Authchips . | . . . . Time . | . . . . Total Part Build Rating . | . . . . Parts Repaired . | . . . . Time . | . . . . Parts Recycled . | . . . . Recycled Matter . | . . . . Retrieved Matter . | . . . . Retrieved Components . | . . . . Parts Scanalyzed . | . . . . Part Schematics Acquired . | . . . . Parts Damaged . | . . . . Bothacking | -11 -10 -10 -9 ------------ Run | Yrd Mat Min Mat Used RIF Installer . | . . . . Robots Hacked . | . . . . Non-combat . | . . . . Combat . | . . . . Robot Hacks Applied . | . . . . Relay Couplers Released . | . . . . Fabnet Peak Effective % . | . . . . Robots Rewired . | . . . . Allies Hacked . | . . . . Hacks Repelled . | . . . . Allies | -11 -10 -10 -9 -------- Run | Yrd Mat Min Mat Total Allies . | . . . . Largest Group . | . . . . Highest-Rated Group . | . . . . Highest-Rated Ally . | . . . . Total Orders . | . . . . Ally Attacks . | . . . . Total Damage . | . . . . Kills . | . . . . Allies Corrupted . | . . . . Allies Melted . | . . . . Intel | -11 -10 -10 -9 ------- Run | Yrd Mat Min Mat Robot Analysis Total . | . . . . Derelict Logs Recovered . | . . . . Drone Launches . | . . . . Drone Recoveries . | . . . . Exploration | -11 -10 -10 -9 ------------- Run | Yrd Mat Min Mat Turns Passed 1779 | 328 881 361 209 Spaces Moved 876 | 116 554 51 155 Core 11 | 11 . . . Treads . | . . . . Legs 563 | 105 458 . . Wheels . | . . . . Hover 302 | . 96 51 155 Flight . | . . . . Fastest Speed 50 | 50 56 56 52 Average Speed 96 | 116 109 56 52 Slowest Speed 150 | 150 120 56 52 Overloaded Moves . | . . . . Propulsion Burnouts . | . . . . Robots Hopped . | . . . . Cave-ins Triggered . | . . . . Exploration Rate (%) 29 | 8 81 14 14 Regions Visited 3 Branch Regions 1 Pre-discovered Areas . | . . . . Known Exits Taken . | . . . . Unknown Exits Taken 3 | 1 1 1 . Scrap Searched . | . . . . Spaces Dug . | . . . . Terrain Destroyed . | . . . . Melee . | . . . . Projectile . | . . . . AOE . | . . . . Terrain Rammed . | . . . . Walls Destroyed . | . . . . Machines Disabled . | . . . . Actions | -11 -10 -10 -9 --------- Run | Yrd Mat Min Mat Total 1633 | 305 747 330 251 Wait 580 | 183 112 230 55 Move 873 | 115 553 50 155 Hop . | . . . . Pick Up 14 | . 9 . 5 Fast Attach 12 | 6 5 1 . Attach 7 | . 1 1 5 Detach . | . . . . Swap 13 | 1 7 . 5 Drop 17 | . 12 . 5 Fire 108 | . 46 42 20 Melee . | . . . . Ram 8 | . 1 6 1 Kick 1 | . 1 . . Crush . | . . . . Escape Stasis . | . . . . Rewire . | . . . . Trap . | . . . . Miscellaneous . | . . . . Route ------- -11/Scrapyard -10/Materials (discovered 4 exits: *Mat x3 / [*Min]) -10/Mines -9/Materials History --------- Turn | Location | Event 9 | -11/Scrapyard | Discovered new exit (range 16) 329 | -11/Scrapyard | Entered Materials 330 | -10/Materials | Build established: Mutant 778 | -10/Materials | Lost 3 parts (1n1u1w) 778 | -10/Materials | Discovered new exit (range 8) 956 | -10/Materials | Discovered new exit (range 10) 1058 | -10/Materials | Discovered new exit (range 14) 1071 | -10/Materials | Build established: Scavenger-Mutant 1083 | -10/Materials | Discovered new exit (range 15) 1210 | -10/Materials | Entered Mines 1221 | -10/Mines | Excavation squad dispatched 1221 | -10/Mines | A large section of the Mines collapsed 1434 | -10/Mines | Build established: Mutant 1471 | -10/Mines | Excavation squad dispatched 1517 | -10/Mines | Core integrity fell below 50% 1568 | -10/Mines | Discovered new exit (range 5) 1571 | -10/Mines | Entered Materials 1571 | -9/Materials | Evolved 2 slots: Propulsion x1, Utility x1 1780 | -9/Materials | Self-destructed Last Messages --------------- 01726_ Dropped Sml. Laser. 01728_ Acquired Prototype Energy Cannon. 01729_ Identified Adv. Beam Cannon. 01729_ Hvy. Ion Engine broken. 01729_ Faulty integration triggers power surge. 01730_ Dropped Faulty Adv. Beam Cannon. 01731_ Dropped Broken Hvy. Ion Engine. 01733_ Acquired Particle Cannon. 01741_ S-10 Pest unfolds itself. 01743_ ALERT: Hostiles spotted, dispatching reinforcements to Terminal M008. 01743_ W-16 Scout destroyed. 01749_ Acquired 18 matter. 01751_ Dropped Hover Unit. 01757_ S-10 Pest destroyed. 01775_ Slammed into S-10 Pest. 01775_ Destabilizing: Core damaged (-16). 01777_ Terrain Scanner destroyed. 01777_ R-06 Scavenger collects Hover Unit. 01778_ S-10 Pest suffers critical hit (Burn). Map ----- +----------------------------------------------------+ | ?????????????????????????????????????????????????? | | ?????????????????????????????????????????????????? | | ?????????????????????????????????????????????????? | | ?????????????????????????????????????????????????? | | ?????????????????????????????????????????????????? | | ?????????????????????????????????????????????????? | | ?????????????????????????????????????????????????? | | ?????????????????????????????????????????????????? | | ?????????????????????????????????????????????????? | | ??????????????#??????????????????????????????????? | | ?????????????????????????????????????????????????? | | ?????#??????????????????????? ?????????????????? | | ?????###########????????????? #????????????????? | | ?????# [ #????????????? #????????????????? | | ###### #????????????? #????????????????? | | # ] ! #?????#??????? #????????????????? | | # #????????????? #????????????????? | | # """ """ #????#???????? #????????????????? | | # """ """ #????????????# #???#????????????? | | # """ """ #??#?######### #????????????????? | | %! # #????# T # #?????? ?????????? | | #+########+########## # #??#?????????????? | | =* + *][ # #????????????????? | | ######### = # ? #????????????????? | | #?#?????# s% # #????????????????? | | #+######+####???????##+##@### #????????????????? | | ## #?#???????# w =su ##???????????????? | | ## """ #?????????# sru #????????????????? | | ## """ #????????## = #????????????????? | | ## """ #?????????######## #????????????????? | | ## # ???????????????# ###### #???????? | | ########????????????????# ???? | | #####??????????????????#????# ???? | | ??? ??????????? ??????#?? ???? | | ???????? ???????????????? #######+#####????? | | ???? ????????????? ??????! #????????????????? | | ?????????????????????#??#! #????????????????? | | ????????????????????????#! #????????????????? | | ????????????????????????##! #????????????????? | | ?????????????????????????#### #??#?????????????? | | ????????????????????#?????? # #????????????????? | | ????????????????????????????# #????????????????? | | ????????????????????????????# #????????????????? | | ????????????????????????????+ #????????????????? | | ????????????????????????????? #????????????????? | | ????????????????????????????? ?????????????????? | | ????????????????????????????? ?????????????????? | | ?????????????????????????????????????????????????? | | ?????????????????????????????????????????????????? | | ?????????????????????????????????????????????????? | +----------------------------------------------------+ Best States ------------- Heat Dissipation 35 Energy Generation 14 Energy Capacity 280 Matter Stores 300 Matter Capacity 300 Sight Range 16 Robot Scan Range 14 Terrain Scan Range 14 Terrain Scan Density 10 Core Shielding 20 Evasion (%) 55 Item Schematics ----------------- None Robot Schematics ------------------ None Fabricated ------------ Nothing Alien Tech Used ----------------- None Achievements -------------- None Challenges ------------ None Game ------ Seed FissionBiocellWheel Manual? 0 Play Time 00:21:06 Cumulative 9.1 hours Start 2024.04.09 @ 10:14:18 End 2024.04.09 @ 10:40:44 Sessions 1 Manual Loads 0 Difficulty Rogue Special Mode None Game No. 12 Rogue 12 Adventurer 0 Explorer 0 Win Type - Total 0 Types 0/0/0/0/0/0/0/0/0 Lore% 15 Gallery% 13 Achievement% 16 Wizard Run 0 Options --------- Layout 1 ASCII 0 Keyboard 0 Movement Mouse Keybinds 0 Fullscreen 2 Font 24/Smallcaps Map View 50x35 Zoom Use 0% Tactical HUD 1 Map Filters NONE Filters NONE Steam 1 RUN: c85bbf79-c978-4ed2-aad3-a9611c85d921